 Dungeon Crawl Stone Soup version 0.16-a0-3667-g690a316 (webtiles) character file.

1309 Vlagh999 the Ruffian (level 8, -1/63 HPs)
             Began as a Bearkin Berserker on July 26, 2015.
             Was a Priest of Trog.
             Slain by Prince Ribbit (12 damage)
             ... on level 6 of the Dungeon.
             The game lasted 00:14:18 (4545 turns).

Vlagh999 the Ruffian (Bearkin Berserker)            Turns: 4545, Time: 00:14:20

Health: -1/63      AC: 10    Str: 25    XL:     8   Next: 32%
Magic:  8/8        EV: 12    Int:  6    God:    Trog [***...]
Gold:   271        SH:  0    Dex: 10    Spells: 0 memorised, 7 levels left

rFire  . . .     SeeInvis .       - Unarmed
rCold  . . .     Clarity  .     t - +0 ring mail
rNeg   . . .     SustAb   .     (no shield)
rPois  .         Gourm    .     s - +0 helmet
rElec  .         Spirit   .     h - +0 cloak
rCorr  .         Warding  .     (no gloves)
rMut   .         Stasis   .     (no boots)
MR     +++..                    (no amulet)
Stlth  ..........               (no ring)
                                A - ring of protection from magic

@: exhausted, regenerating, slowed, very slow, extremely resistant to hostile
enchantments, extremely unstealthy
A: claws 2, shaggy fur 2, hind claws 2, cornered berserk
a: Cornered Berserk, Burn Spellbooks, Berserk, Trog's Hand, Renounce Religion


You were on level 6 of the Dungeon.
You worshipped Trog.
Trog was most pleased with you.
You were not hungry.

You visited 1 branch of the dungeon, and saw 6 of its levels.

You collected 271 gold pieces.

Inventory:

Armour
 h - a +0 cloak (worn)
 m - a +0 chain mail
 s - a +0 helmet (worn)
 t - a +0 ring mail (worn)
 x - a +0 plate armour
Jewellery
 A - a ring of protection from magic (left claw)
Magical devices
 q - a wand of disintegration (14)
 r - a wand of enslavement (10)
 v - a wand of fireball (4)
Scrolls
 a - 2 scrolls of remove curse {unknown}
 c - a scroll of random uselessness {unknown}
 d - a scroll of identify
 j - 2 scrolls of enchant weapon {unknown}
 l - 3 scrolls of immolation {unknown}
 p - 3 scrolls of teleportation {unknown}
 y - 3 scrolls of fog {unknown}
Potions
 b - a potion of resistance
 e - a potion of degeneration
Comestibles
 n - a meat ration
 w - a bread ration
 B - a beef jerky


   Skills:
 * Level 5.5 Fighting
 * Level 3.3 Armour
 * Level 4.1 Dodging
 + Level 6.8 Unarmed Combat


You had 7 spell levels left.
You didn't know any spells.

Dungeon Overview and Level Annotations

Branches:
Dungeon (6/15)             Temple (0/1) D:4

Altars:
Dithmenos
Makhleb
Trog
Xom

Annotations:
D:4 1 exclusion
D:5 Vlagh999's ghost, experienced BeBe
D:6 Prince Ribbit


Innate Abilities, Weirdness & Mutations

You have very sharp fingernails.
You are covered in thick fur (AC +2).
Your hind legs have sharp claws.
You can berserk when greatly wounded.


Message History

You continue eating.
Prince Ribbit hops awkwardly around.
Prince Ribbit blinks!
You finish eating.
That meat ration really hit the spot!
You miss the phantom.
Your hind claws misses the phantom.
The phantom is severely damaged.
Prince Ribbit blinks!
The phantom barely misses you. Prince Ribbit closely misses you.
The phantom barely misses you.
You claw the phantom!
Your hind claws misses the phantom.
The phantom is almost destroyed.
Prince Ribbit hits you but does no damage. x2
The phantom barely misses you.
An orc comes into view. It is wielding a dagger of protection.
You claw the phantom!
You destroy the phantom!
Prince Ribbit hits you!
* * * LOW HITPOINT WARNING * * *
Prince Ribbit lets out a mournful croak.
Prince Ribbit hits you!
You die...

#.....### ....#
###...###### .##..
#..#......####.###
....#######.).....#
##......#...)....###
......#.#.......##
## #...........#
..###...<.....##
.........@....#
..>.......F..##
.......$....%o....
.......##.###?...
<##.... #.# .....
...... ... ...
........... ##
........#.# ....
###.#


You could see Prince Ribbit and an orc.

Vanquished Creatures
  Grinder (D:3)
  The ghost of Vlagh999 the Ruffian, an average BeFi (D:4)
  3 phantoms
  A centaur (D:5)
  An ogre (D:4)
  Duvessa (D:6)
  Dowan (D:6)
  A jelly (D:3)
  An iguana (D:4)
  A hound (D:6)
  An orc wizard (D:4)
  2 worker ants (D:4)
  Jessica (D:2)
  Terence (D:2)
  Robin (D:3)
  3 adders
  A giant mite (D:2)
  6 worms
  An adder skeleton (D:4)
  3 giant geckos
  An ooze (D:4)
  3 orcs (D:4)
  10 bats
  7 hobgoblins
  4 jackals
  3 giant newts
  21 goblins
  9 kobolds
  13 rats
103 creatures vanquished.

Notes
Turn   | Place    | Note
--------------------------------------------------------------
     0 | D:1      | Vlagh999, the Bearkin Berserker, began the quest for the Orb.
     0 | D:1      | Reached XP level 1. HP: 18/18 MP: 1/1
   110 | D:1      | Reached XP level 2. HP: 20/24 MP: 2/2
   325 | D:1      | Acquired Trog's second power
   513 | D:2      | Reached skill level 4 in Unarmed Combat
   550 | D:2      | Noticed Terence
   559 | D:2      | Killed Terence
   559 | D:2      | Reached XP level 3. HP: 28/29 MP: 3/3
   866 | D:2      | Noticed Jessica
   871 | D:2      | Killed Jessica
  1049 | D:2      | Gained mutation: You have very sharp fingernails. [bearkin transformation]
  1049 | D:2      | Reached XP level 4. HP: 2/35 MP: 4/4
  1331 | D:2      | Reached skill level 5 in Unarmed Combat
  1362 | D:2      | Found a burning altar of Makhleb.
  1363 | D:2      | Found a shimmering altar of Xom.
  1970 | D:3      | Noticed Robin
  1988 | D:3      | Killed Robin
  2237 | D:3      | Reached skill level 6 in Unarmed Combat
  2237 | D:3      | Reached XP level 5. HP: 29/41 MP: 5/5
  2268 | D:3      | Noticed Grinder
  2269 | D:3      | Paralysed by Grinder for 6 turns
  2288 | D:3      | Killed Grinder
  2288 | D:3      | Gained mutation: You are covered in thick fur (AC +2). [bearkin transformation]
  2288 | D:3      | Reached XP level 6. HP: 48/48 MP: 6/6
  3062 | D:4      | Reached XP level 7. HP: 54/54 MP: 7/7
  3151 | D:4      | Found a shadowy altar of Dithmenos.
  3154 | D:4      | Found a staircase to the Ecumenical Temple.
  3220 | D:4      | Noticed Vlagh999's ghost (average BeFi)
  3235 | D:4      | Killed Vlagh999's ghost
  4054 | D:4      | Reached skill level 5 in Fighting
  4116 | D:5      | Entered Level 5 of the Dungeon
  4362 | D:5      | Noticed Vlagh999's ghost (experienced BeBe)
  4420 | D:6      | Found a bloodstained altar of Trog.
  4442 | D:6      | Noticed Dowan
  4444 | D:6      | Noticed Duvessa
  4454 | D:6      | Killed Duvessa
  4454 | D:6      | Gained mutation: Your hind legs have sharp claws. [bearkin transformation]
  4454 | D:6      | Reached XP level 8. HP: 62/62 MP: 8/8
  4455 | D:6      | Killed Dowan
  4459 | D:6      | Noticed Prince Ribbit
  4545 | D:6      | Slain by Prince Ribbit

Action                   |  1- 3 |  4- 6 |  7- 9 || total
-------------------------+-------+-------+-------++-------
Melee: Unarmed           |    96 |   171 |   154 ||   421
Throw: Stone             |       |     9 |       ||     9
Invok: Berserk           |     2 |     4 |     3 ||     9
       Trog's Hand       |     1 |     3 |     7 ||    11
  Use: Scroll            |       |       |     3 ||     3
       Potion            |       |       |     7 ||     7
  Eat: Chunk             |     1 |     5 |     4 ||    10
       Bread ration      |       |     1 |     1 ||     2
       Pizza             |       |     1 |       ||     1
       Meat ration       |       |       |     1 ||     1
